 Dungeon Crawl Stone Soup version 0.18.1-6-gd335043 (webtiles) character file.

44 stauk the Conjurer (level 3, 0/19 HPs)
             Began as a Kobold Conjurer on May 18, 2016.
             Succumbed to an adder's poison
             ... on level 1 of the Dungeon.
             The game lasted 00:15:06 (2343 turns).

stauk the Conjurer (Kobold Conjurer)                Turns: 2343, Time: 00:15:06

Health: 0/19       AC:  3    Str:  6    XL:     3   Next: 87%
Magic:  7/7        EV: 15    Int: 14    God:
Gold:   48         SH:  0    Dex: 14    Spells: 2 memorised, 6 levels left

rFire  . . .     SeeInvis .     r - +0 short sword
rCold  . . .     Gourm    .     a - +1 robe
rNeg   . . .     Faith    .     (shield restricted)
rPois  .         Spirit   .     (helmet restricted)
rElec  .         Dismiss  .     (no cloak)
rCorr  .         Reflect  .     (no gloves)
SustAt .         Harm     .     (no boots)
MR     .....                    p - amulet of magic regeneration
Stlth  ++........               (no ring)
                                (no ring)

@: lethally poisoned (0 -> -6), not resistant to hostile enchantments,
unstealthy
A: beak, carnivore 3, clumsy 1, low mp 1
a: no special abilities


You were on level 1 of the Dungeon.
You were completely stuffed.

You visited 1 branch of the dungeon, and saw 2 of its levels.

You collected 48 gold pieces.

Inventory:

Hand Weapons
 i - a +0 club
 r - a +0 short sword (weapon)
 y - a +0 spear
 z - a +0 whip
Missiles
 e - 3 tomahawks (quivered)
 h - 13 sling bullets
 j - 5 javelins
 m - 4 needles of sleeping
 t - a throwing net
 v - 26 stones
 w - 20 arrows
Armour
 a - a +1 robe (worn)
 g - a +0 ring mail
 n - a +0 leather armour
 s - a +0 buckler
 x - a +0 robe
Jewellery
 p - an amulet of magic regeneration (around neck)
Scrolls
 f - a scroll of remove curse
Potions
 k - a potion of curing {unknown}
 o - a potion of mutation
 q - a potion of agility {unknown}
Books
 b - a book of Conjurations

   Spells                             Type                      Level
   a - Magic Dart                     Conjuration                  1
   b - Searing Ray                    Conjuration                  2
   c - Dazzling Spray                 Conjuration/Hexes            3
   d - Fulminant Prism                Conjuration/Hexes            4
   e - Iskenderun's Mystic Blast      Conjuration                  4
   f - Iskenderun's Battlesphere      Conjuration/Charms           5
Comestibles
 c - a meat ration
 d - a beef jerky
 l - 4 chunks of flesh


   Skills:
 + Level 2.4 Dodging
 - Level 2.6 Stealth
 * Level 3.6 Spellcasting
 + Level 3.6 Conjurations


You had 6 spell levels left.
You knew the following spells:

 Your Spells              Type           Power        Failure   Level  Hunger
a - Magic Dart            Conj           ##..         4%          1    None
b - Searing Ray           Conj           ##....       10%         2    ##.....


Dungeon Overview and Level Annotations

Branches:
Dungeon (2/15)

Altars:


Innate Abilities, Weirdness & Mutations

You are small and have problems with some larger weapons.
You are carnivorous and can eat meat at any time.
You have a beak for a mouth.
You are clumsy. (Dex -2)
Your magical capacity is low (-10% MP).


Message History

The stone barely misses you.
The stone hits the giant newt.
The giant newt dies!
The kobold hits you. The hobgoblin misses you.
There is a stone staircase leading up here.
You see here a stone.
The adder bites you.
You are poisoned.
The adder poisons you!
The hobgoblin hits you but does no damage.
The kobold hits you.
You climb upwards.
You feel sick.
There is a stone staircase leading down here.
You feel sick. The adder barely misses you. The kobold hits you.
The hobgoblin hits you.
* * * LOW HITPOINT WARNING * * *
The adder completely misses you. The kobold hits you.
* * * LOW HITPOINT WARNING * * *
The hobgoblin hits you but does no damage.
You die...

...........##..........#.........
...........##..........#.......##
..#.........#..........#....##.##
.......................#....##...
.................................
.......................#.#..#+#..
.....................#.###.......
.....................##..##......
.......###......@#...###..##.....
.......#.............# #.#.#...##
#......#....รท.gSK.##.#
##..#.....
#......#..........+..###...##....
.......#......>...#####..#..###.#
...#...##############....##.###..
...........#### ##..##.#....###
.........[....#####...#####.#..##
..............#..##.#.# #..###.#


You could see an adder, a hobgoblin and a kobold.

Vanquished Creatures
  An adder (D:1)
  A dart slug (D:1)
  3 bats (D:1)
  6 giant cockroaches (D:1)
  2 goblins (D:1)
  9 hobgoblins (D:1)
  3 giant newts (D:1)
  2 kobolds (D:1)
  4 rats (D:1)
31 creatures vanquished.

Vanquished Creatures (others)
  A giant newt (D:2)
1 creature vanquished.

Grand Total: 32 creatures vanquished

Notes
Turn   | Place    | Note
--------------------------------------------------------------
     0 | D:1      | stauk the Kobold Conjurer began the quest for the Orb.
     0 | D:1      | Reached XP level 1. HP: 10/10 MP: 3/3
   515 | D:1      | Reached XP level 2. HP: 2/15 MP: 1/5
   775 | D:1      | Learned a level 2 spell: Searing Ray
  1500 | D:1      | Reached XP level 3. HP: 19/19 MP: 4/7
  2185 | D:1      | Gained mutation: You are clumsy. (Dex -2) [potion of mutation]
  2185 | D:1      | Gained mutation: Your magical capacity is low (-10% MP). [potion of mutation]
  2185 | D:1      | Gained mutation: You have a beak for a mouth. [potion of mutation]
  2343 | D:1      | Succumbed to an adder's poison

Skill      XL: |  1  2 |
---------------+-------+-----
Spellcasting   | 3 |  3.6
Dodging        | |  2.4
Stealth        | |  2.6
Conjurations   | |  3.6

Action                   || total
-------------------------++-------
Melee: Unarmed           ||    19
       Club              ||     5
       Short sword       ||     1
Throw: Tomahawk          ||     1
 Cast: Magic Dart        ||    54
       Searing Ray       ||     9
  Use: Scroll            ||     2
       Potion            ||     1
 Stab: Sleeping          ||     1
  Eat: Chunk             ||    14
Armor: Robe              ||     6
Dodge: Dodged            ||    43
